 Dungeon Crawl Stone Soup version 0.19.5 (webtiles) character file.

95 equalderp2856 the Skirmisher (level 4, -1/35 HPs)
             Began as a Mummy Fighter on Mar 31, 2017.
             Slain by a hound (2 damage)
             ... on level 4 of the Dungeon.
             The game lasted 00:03:32 (1274 turns).

equalderp2856 the Skirmisher (Mummy Fighter)        Turns: 1274, Time: 00:03:33

Health: -1/35      AC:  4    Str: 20    XL:     4   Next: 40%
Magic:  4/4        EV:  9    Int:  7    God:
Gold:   46         SH:  9    Dex: 11    Spells: 0 memorised, 3 levels left

rFire  x . .     SeeInvis .     e - +4 dagger
rCold  + . .     Gourm    .     o - +2 robe {rN+}
rNeg   + + +     Faith    .     c - +0 shield
rPois  ∞         Spirit   .     (no helmet)
rElec  .         Reflect  .     (no cloak)
rCorr  .         Harm     .     (no gloves)
MR     .....                    (no boots)
Stlth  +.........               (no amulet)
                                (no ring)
                                (no ring)

@: no status effects
A: no food or potions, fire vulnerability, cold resistance 1, negative energy
resistance 3, torment resistance, unbreathing
a: no special abilities


You were on level 4 of the Dungeon.
You were not hungry.

You visited 1 branch of the dungeon, and saw 4 of its levels.

You collected 46 gold pieces.

Inventory:

Hand Weapons
 a - a +0 long sword
 e - a +4 dagger (weapon)
Missiles
 n - 7 curare-tipped needles
Armour
 b - a +0 scale mail
 c - a +0 shield (worn)
 k - a +3 leather armour
 m - a +0 chain mail
 o - a +2 robe of positive energy (worn)
Jewellery
 d - an uncursed ring of fire {unknown}
 l - an uncursed ring of positive energy {unknown}
Scrolls
 g - a scroll of enchant armour {unknown}
 h - a scroll of teleportation {unknown}
 i - 2 scrolls of identify {unknown}
 j - 2 scrolls of remove curse {unknown}


   Skills:
 + Level 3.2 Fighting
 + Level 1.0(1.6) Short Blades
 + Level 1.8(2.0) Long Blades
 + Level 3.0 Armour
 + Level 1.1 Dodging
 + Level 2.9 Shields


You had 3 spell levels left.
You didn't know any spells.

Dungeon Overview and Level Annotations

Branches:
Dungeon (4/15)
 Temple: D:4-7

Altars:

Annotations:
D:2 Natasha, Sigmund


Innate Abilities, Weirdness & Mutations

You do not eat or drink.
Your flesh is vulnerable to fire.
You are immune to poison.
Your flesh is cold resistant. (rC+)
You are immune to negative energy. (rN+++)
You are immune to unholy pain and torment.
You can survive without breathing.


Message History

The hound closely misses you.
Things that are here:
an adder corpse; a jackal corpse You block the hound's attack.
There is a stone staircase leading down here.
The hound bites you.
* * * LOW HITPOINT WARNING * * *
You climb downwards.
There is a stone staircase leading up here.
You closely miss the hound. The hound bites you but does no damage.
The hound bites you.
* * * LOW HITPOINT WARNING * * *
Your shield prevents you from hitting the hound.
The hound bites you.
* * * LOW HITPOINT WARNING * * *
As you read the scroll labeled ZIGANA JEXOSET, it crumbles to dust.
The creatures around you are filled with an inner flame!
It was a scroll of immolation.
The hound closely misses you. The hound bites you.
You die... . ###########...# ......h@....... ###########...# .

You could see a hound (inner flame).

Vanquished Creatures
  A hound (D:3)
  2 adders
  2 oozes (D:1)
  A worm (D:3)
  A leopard gecko (D:1)
  3 bats
  A giant cockroach (D:1)
  6 goblins (D:1)
  3 hobgoblins (D:1)
  2 jackals (D:3)
  4 frilled lizards (D:1)
  7 kobolds
  A rat (D:1)
34 creatures vanquished.

Notes
Turn   | Place    | Note
-------+----------+-------------------------------------------
     0 | D:1      | equalderp2856 the Mummy Fighter began the quest for the Orb.
     0 | D:1      | Reached XP level 1. HP: 18/18 MP: 1/1
    69 | D:1      | Reached XP level 2. HP: 24/24 MP: 2/2
   669 | D:1      | Reached XP level 3. HP: 29/29 MP: 3/3
   848 | D:2      | Noticed Sigmund
   976 | D:2      | Noticed Natasha
  1257 | D:3      | Reached skill level 1 in Short Blades
  1257 | D:3      | Reached skill level 1 in Dodging
  1257 | D:3      | Reached XP level 4. HP: 9/35 MP: 4/4
  1273 | D:4      | HP: 1/35 [hound (3)]
  1274 | D:4      | Slain by a hound

Skill      XL: |  1  2  3 |
---------------+----------+-----
Armour         | 3 |  3.0
Short Blades   | 1 |  1.0
Dodging        | 1 |  1.1
Fighting       | |  3.2
Long Blades    | |  1.8
Shields        | |  2.9

Action                   |  1- 3 |  4- 6 || total
-------------------------+-------+-------++-------
Melee: Dagger            |   131 |     2 ||   133
       Long sword        |     9 |       ||     9
  Use: Scroll            |       |     1 ||     1
Armor: Scale mail        |    17 |       ||    17
       Leather armour    |    35 |       ||    35
       Robe              |     2 |     1 ||     3
Dodge: Dodged            |    51 |     2 ||    53
Block: Shield            |    71 |     5 ||    76
       Rpst.: Long sword |     1 |       ||     1
